 Dungeon Crawl Stone Soup version 0.21-a0-621-gc60411f (webtiles) character file.

149 Gaball the Poker (level 5, -2/45 HPs)
             Began as a Minotaur Chaos Knight on Dec 23, 2017.
             Slain by Gaball's ghost (9 damage)
             ... on level 3 of the Dungeon.
             The game lasted 00:02:37 (1486 turns).

Gaball the Poker (Minotaur Chaos Knight)            Turns: 1486, Time: 00:02:37

Health: -2/45      AC:  6    Str: 17    XL:     5   Next: 9%
Magic:  4/4        EV: 11    Int:  9    God:    Xom [....*.]
Gold:   103        SH:  0    Dex: 10    Spells: 4/4 levels left

rFire    + . .     SeeInvis .   a - +0 spear (chaos)
rCold    + . .     Gourm    .   (no shield)
rNeg     . . .     Faith    .   b - +2 leather armour
rPois    +         Spirit   .   (helmet restricted)
rElec    +         Reflect  .   (no cloak)
rCorr    +         Harm     .   n - +0 pair of gloves
MR       .....                  (no boots)
Stlth    +.........             (no amulet)
HPRegen  0.15/turn              (no ring)
MPRegen  0.09/turn              (no ring)

@: resistant, flying
A: retaliatory headbutt, horns 2
a: Renounce Religion


You were on level 3 of the Dungeon.
You worshipped Xom.
You were a beloved toy of Xom.
You were hungry.

You visited 1 branch of the dungeon, and saw 3 of its levels.

You collected 103 gold pieces.

Inventory:

Hand Weapons
 a - a +0 spear of chaos (weapon)
Armour
 b - a +2 leather armour (worn)
 n - a +0 pair of gloves (worn)
Scrolls
 d - 4 scrolls of remove curse
 f - a scroll of blinking {unknown}
 g - a scroll of fog {unknown}
 h - a scroll of enchant weapon {unknown}
 i - a scroll of amnesia {unknown}
 j - 3 scrolls of immolation {unknown}
 k - 2 scrolls of magic mapping {unknown}
 l - a scroll of identify {unknown}
Comestibles
 c - 4 rations


   Skills:
 - Level 3.6 Fighting
 + Level 7.0 Polearms
 - Level 2.4 Armour
 - Level 1.1 Dodging


You had 4 spell levels left.
You didn't know any spells.

Dungeon Overview and Level Annotations

Branches:
Dungeon (3/15)

Altars:
Gozag
Nemelex Xobeh
Wu Jian
Zin

Annotations:
D:3 Gaball's ghost, amateur DDFi


Innate Abilities, Weirdness & Mutations

You reflexively headbutt those who attack you in melee.
You have a pair of horns on your head.


Message History

You feel protected.
Xom roars with laughter!
Gaball's ghost barely misses you.
Wield which item (- for none, * to show all)? (? for menu, Esc to quit)
Okay, then.
It was a potion of flight.
You feel very buoyant.
You fly up into the air.
Gaball's ghost hits you but does no damage.
Gaball's ghost hits you!
* * * LOW HITPOINT WARNING * * *
You closely miss Gaball's ghost.
Gaball's ghost is heavily damaged.
Gaball's ghost hits you.
* * * LOW HITPOINT WARNING * * *
You hit Gaball's ghost but do no damage.
Gaball's ghost is heavily damaged.
Gaball's ghost hits you!
You die...
Xom is highly amused!

#.# #.# #.# #W# #.# #.#
#.### ###.# #.#.####
##...##
#..†...########.###.###
................# #...+
##(..#.########.###.###
##.##.# ##@W.## ####.#
##.## #.# #.# #.# #.#
#.# #.. #.# #.# #.# #.#
#.#


You could see Gaball's ghost.

Vanquished Creatures
  An orc wizard (D:2)
  A gnoll (D:2)
  7 adders
  An ooze (D:2)
  A dart slug (D:1)
  A leopard gecko (D:1)
  3 orcs (D:2)
  4 bats
  3 giant cockroaches
  6 goblins
  3 hobgoblins
  4 kobolds
  A ball python (D:1)
  3 frilled lizards
  3 rats (D:1)
42 creatures vanquished.

Notes
Turn   | Place    | Note
-------+----------+-------------------------------------------
     0 | D:1      | Gaball the Minotaur Chaos Knight began the quest for the Orb.
     0 | D:1      | Reached XP level 1. HP: 19/19 MP: 0/0
    23 | D:1      | Reached skill level 4 in Polearms
    73 | D:1      | Reached XP level 2. HP: 26/26 MP: 1/1
   386 | D:2      | Reached skill level 5 in Polearms
   386 | D:2      | Reached XP level 3. HP: 27/31 MP: 2/2
   453 | D:2      | Found an opulent altar of Gozag.
   453 | D:2      | Found a sparkling altar of Nemelex Xobeh.
   551 | D:2      | HP: 1/31 [gnoll/spear (7)]
   749 | D:1      | XOM: harmless Pois miscast
   917 | D:2      | Reached XP level 4. HP: 35/39 MP: 3/3
   920 | D:2      | Reached skill level 6 in Polearms
  1001 | D:2      | Found an ornate altar of the Wu Jian Council.
  1001 | D:2      | Found a glowing silver altar of Zin.
  1195 | D:2      | XOM: potion effect (invisibility)
  1235 | D:2      | XOM: silly message
  1271 | D:2      | Reached XP level 5. HP: 45/45 MP: 4/4
  1397 | D:3      | Reached skill level 7 in Polearms
  1464 | D:3      | Noticed Gaball's ghost (amateur DDFi)
  1464 | D:3      | XOM: confuse monster(s)
  1469 | D:3      | XOM: mild Summ miscast
  1486 | D:3      | Slain by Gaball's ghost

Vault maps used:
D:1:      lightli_arrival_chessboard
D:2:      grunt_temple_overflow_opulence, gammafunk_temple_overflow_elements,
          first_ration
D:3:      lemuel_blue_sif_altar, uniq_terence

Skill      XL: |  1  2  3  4  5 |
---------------+----------------+-----
Polearms       | 4 5 6 7 |  7.0
Fighting       | |  3.6
Armour         | |  2.4
Dodging        | |  1.1

Action                   |  1- 3 |  4- 6 || total
-------------------------+-------+-------++-------
Melee: Spear             |    72 |    62 ||   134
       Headbutt          |     5 |     4 ||     9
  Use: Scroll            |       |     1 ||     1
       Potion            |       |     2 ||     2
 Stab: Paralysed         |     3 |     1 ||     4
       Petrifying        |     1 |       ||     1
  Eat: Chunk             |       |     1 ||     1
Armor: Leather armour    |    18 |     6 ||    24
Dodge: Dodged            |    22 |    22 ||    44

Table legend:
 A = Spawn XP
 B = Non-spawn XP
 C = Spawn XP percentage of total XP
 D = Spawn monster count
 E = Non-spawn monster count
 F = Spawn count percentage of total count
 G = Total turns spent on level
                    A         B        C        D         E        F      G
               +---------+---------+-------+---------+---------+-------+---------
         Total |       0 |     213 |   0.0 |       0 |      42 |   0.0 |  1486
               +---------+---------+-------+---------+---------+-------+---------
           D:1 |       0 |      29 |   0.0 |       0 |      16 |   0.0 |   571
           D:2 |       0 |     167 |   0.0 |       0 |      23 |   0.0 |   821
           D:3 |       0 |      17 |   0.0 |       0 |       3 |   0.0 |    94
               +---------+---------+-------+---------+---------+-------+---------
